AoeStats
← paulgabduggan

Socotra

504536603Analyzed
2v2 RM · 26d ago on Sep 5, 2026· 22m 14s· 4 players
Game mode
Random Map
Map size
Tiny (2 player)
Population
200
Speed
Normal
Resources
Standard
Victory
Conquest
Starting age
Dark Age
Ending age
Imperial Age
RankedLock teamsTeams togetherTeam positionsShared explorationLock speedFull tech treeHidden civsTurbo modeCheats
Victory
Defeat
🇺🇸 Goths · United States
1377
+16
🇺🇸 Malay · United States
1283
+19
🇦🇷 Shu · Argentina
1376
-18
🇦🇷 Magyars · Argentina
1351
-17
Miles_WithFriends
6:32 Loom
10:00 Feudal Age
10:24 Feudal Age
15:00 Double-Bit Axe
16:24 Fletching
18:48 Padded Archer Armor
20:26 Town Watch
paulgabduggan
7:50 Loom
10:02 Feudal Age
10:02 Man-at-Arms
10:40 Double-Bit Axe
14:24 Fletching
16:06 Padded Archer Armor
20:01 Castle Age
19:10 Gold Mining
19:57 Horse Collar
21:09 Bodkin Arrow
22:51 Bow Saw
Peinatequevengo
3:47 Loom
9:47 Feudal Age
10:38 Double-Bit Axe
12:27 Fletching
12:37 Padded Archer Armor
IA (versión en CD)
0:31 Loom
11:00 Feudal Age
11:04 Man-at-Arms
18:35 Padded Archer Armor
Connection lost

Rejoining the realm…

Still unreachable

The connection could not be restored.

Session expired

The server has moved on; the page needs a fresh start.